PBL
WINNIPEG GOLDEYES @ SOUTHERN MARYLAND BLUE CRABS
09/03/2047
 
TOP OF THE 1ST
Winnipeg Goldeyes batting - Pitching for Southern Maryland Blue Crabs : RHP Bruce Yeager
Pitching: RHP Bruce Yeager
Batting: RHB Mike Berzins 0-0: Ball
1-0: Ball
2-0: Ball
3-0: Called Strike
3-1: Foul Ball, location: 2F
3-2: SINGLE (Line Drive, 6D, EV 105.0 MPH)
Batting: LHB Ben Roth 0-0: Foul Ball, location: 2F
0-1: Ball
1-1: Swinging Strike
1-2: Hit by Pitch
Mike Berzins to second
Batting: SHB Rodrigo Mendoza 0-0: Ball
1-0: Swinging Strike
1-1: Ball
2-1: Called Strike
2-2: Strikes out swinging
Batting: RHB Terry Oetker 0-0: Ball
1-0: Ball
2-0: Grounds into double play, 5-4-3 (Groundball, 56, EV 106.9 MPH)
Top of the 1st over - 0 runs, 1 hit, 0 errors, 1 left on base; Winnipeg 0 - Southern Maryland 0
BOTTOM OF THE 1ST
Southern Maryland Blue Crabs batting - Pitching for Winnipeg Goldeyes : LHP Choji Tominaga
Pitching: LHP Choji Tominaga
Batting: RHB C.J. Wells 0-0: Called Strike
0-1: DOUBLE (Flyball, 78D, EV 93.8 MPH)
Batting: LHB Jeremy Nuzzo 0-0: Foul Ball, location: 2F
0-1: Ball
1-1: Ball
2-1: Ball
3-1: Called Strike
3-2: Base on Balls
Batting: SHB Eric Kelley 0-0: Called Strike
0-1: Fly out, F8 (Flyball, 8LM, EV 82.5 MPH)
Batting: LHB Xue-liang Zhou 0-0: Called Strike
0-1: Fly out, F7 (Line Drive, 7LM, EV 90.6 MPH)
Batting: RHB Tyler Cohen 0-0: Fly out, F9 (Flyball, 9LM, EV 75.6 MPH)
Bottom of the 1st over - 0 runs, 1 hit, 0 errors, 2 left on base; Winnipeg 0 - Southern Maryland 0
TOP OF THE 2ND
Winnipeg Goldeyes batting - Pitching for Southern Maryland Blue Crabs : RHP Bruce Yeager
Batting: RHB Ratko Macura 0-0: Ball
1-0: Ball
2-0: Called Strike
2-1: Fly out, F8 (Line Drive, 8LD, EV 88.8 MPH)
Batting: RHB Yu-zeng Mai 0-0: Called Strike
0-1: Foul Ball, location: 2F
0-2: Foul Ball, location: 2F
0-2: Ball
1-2: Ball
2-2: Ball
3-2: Base on Balls
Pitching: LHP Sueo Iba
Batting: RHB Alejandro de Jesus 0-0: Foul Ball, location: 2F
0-1: Called Strike
Yu-zeng Mai steals 2nd base
0-2: Ball
1-2: Foul Ball, location: 2F
1-2: Strikes out swinging
Batting: RHB Settan Nakamura 0-0: 2-RUN HOME RUN (Flyball, 7D, EV 109.4 MPH), Distance : 404 ft
Batting: RHB Fernando Membreno 0-0: Fly out, F8 (Line Drive, 8RM, EV 88.8 MPH)
Top of the 2nd over - 2 runs, 1 hit, 0 errors, 0 left on base; Winnipeg 2 - Southern Maryland 0
BOTTOM OF THE 2ND
Southern Maryland Blue Crabs batting - Pitching for Winnipeg Goldeyes : LHP Choji Tominaga
Batting: LHB Robert Ortiz 0-0: Ball
1-0: Foul Ball, location: 2F
1-1: Foul Ball, location: 2F
1-2: SINGLE (Flyball, 6D, EV 89.4 MPH)
Batting: RHB Pedro Luera 0-0: Called Strike
0-1: Ball
1-1: Ball
2-1: Called Strike
2-2: Strikes out looking
Batting: LHB Ivan Alvarez 0-0: Called Strike
0-1: Ball
1-1: Foul Ball, location: 2F
1-2: Ball
2-2: Fielders Choice at 2nd, 4-6 (Groundball, 4, EV 102.5 MPH)
Batting: RHB Javier Brizuela 0-0: Ball
Ivan Alvarez is caught stealing 2nd base 2-4
Bottom of the 2nd over - 0 runs, 1 hit, 0 errors, 0 left on base; Winnipeg 2 - Southern Maryland 0
TOP OF THE 3RD
Winnipeg Goldeyes batting - Pitching for Southern Maryland Blue Crabs : LHP Sueo Iba
Batting: RHB Mike Berzins 0-0: Swinging Strike
0-1: Ball
1-1: Bunted foul
1-2: Ground out U3 (Groundball, 23, EV 86.2 MPH)
Batting: LHB Ben Roth 0-0: Called Strike
0-1: Ball
1-1: Foul Ball, location: 2F
1-2: Foul Ball, location: 2F
1-2: SINGLE (Line Drive, 7LS, EV 104.4 MPH)
Batting: SHB Rodrigo Mendoza 0-0: Ball
1-0: Foul Ball, location: 2F
1-1: Swinging Strike
1-2: Strikes out swinging
Ben Roth is caught stealing 2nd base 2-4
Batter strikes out.
Top of the 3rd over - 0 runs, 1 hit, 0 errors, 0 left on base; Winnipeg 2 - Southern Maryland 0
BOTTOM OF THE 3RD
Southern Maryland Blue Crabs batting - Pitching for Winnipeg Goldeyes : LHP Choji Tominaga
Batting: RHB Javier Brizuela 0-0: Called Strike
0-1: Bunt for hit to 25 - play at first, batter OUT! 5-3
Batting: RHB C.J. Wells 0-0: Foul Ball, location: 2F
0-1: Swinging Strike
0-2: Ball
1-2: Strikes out swinging
Batting: LHB Jeremy Nuzzo 0-0: Ball
1-0: Ball
2-0: Ball
3-0: Called Strike
3-1: Called Strike
3-2: Strikes out looking
Bottom of the 3rd over - 0 runs, 0 hits, 0 errors, 0 left on base; Winnipeg 2 - Southern Maryland 0
TOP OF THE 4TH
Winnipeg Goldeyes batting - Pitching for Southern Maryland Blue Crabs : LHP Sueo Iba
Batting: RHB Terry Oetker 0-0: Ball
1-0: Swinging Strike
1-1: Foul Ball, location: 2F
1-2: Strikes out swinging
Batting: RHB Ratko Macura 0-0: Swinging Strike
0-1: Swinging Strike
0-2: Strikes out swinging
Batting: RHB Yu-zeng Mai 0-0: Fly out, F9 (Line Drive, 89M, EV 106.9 MPH)
Top of the 4th over - 0 runs, 0 hits, 0 errors, 0 left on base; Winnipeg 2 - Southern Maryland 0
BOTTOM OF THE 4TH
Southern Maryland Blue Crabs batting - Pitching for Winnipeg Goldeyes : LHP Choji Tominaga
Batting: SHB Eric Kelley 0-0: Ball
1-0: Called Strike
1-1: Ground out 6-3 (Groundball, 6M, EV 107.5 MPH)
Batting: LHB Xue-liang Zhou 0-0: Ball
1-0: Called Strike
1-1: Foul Ball, location: 2F
1-2: Ground out U3 (Groundball, 3, EV 83.1 MPH)
Batting: RHB Tyler Cohen 0-0: Ball
1-0: Ball
2-0: Fly out, F7 (Flyball, 7, EV 74.4 MPH)
Bottom of the 4th over - 0 runs, 0 hits, 0 errors, 0 left on base; Winnipeg 2 - Southern Maryland 0
TOP OF THE 5TH
Winnipeg Goldeyes batting - Pitching for Southern Maryland Blue Crabs : LHP Sueo Iba
Batting: RHB Alejandro de Jesus 0-0: Called Strike
0-1: Ball
1-1: Ball
2-1: Swinging Strike
2-2: Fly out, F8 (Flyball, 8RM, EV 92.5 MPH)
Batting: RHB Settan Nakamura 0-0: Called Strike
0-1: Ball
1-1: Foul Ball, location: 2F
1-2: Strikes out swinging
Batting: RHB Fernando Membreno 0-0: Called Strike
0-1: Ball
1-1: Foul Ball, location: 2F
1-2: Strikes out swinging
Top of the 5th over - 0 runs, 0 hits, 0 errors, 0 left on base; Winnipeg 2 - Southern Maryland 0
BOTTOM OF THE 5TH
Southern Maryland Blue Crabs batting - Pitching for Winnipeg Goldeyes : LHP Choji Tominaga
Batting: LHB Robert Ortiz 0-0: Ball
1-0: Ground out U3 (Groundball, 3S, EV 87.5 MPH)
Batting: RHB Pedro Luera 0-0: Called Strike
0-1: Ball
1-1: Foul Ball, location: 2F
1-2: SINGLE (Groundball, 56D, EV 99.4 MPH)
Batting: LHB Ivan Alvarez 0-0: Ball
Wild Pitch!
Pedro Luera to second
1-0: Ball
2-0: Ball
3-0: Called Strike
3-1: SINGLE (Groundball, 4MS, EV 66.9 MPH) (infield hit)
Pedro Luera to third
Batting: RHB Javier Brizuela 0-0: Swinging Strike
0-1: Called Strike
0-2: Foul Ball, location: 2F
0-2: Ball
1-2: Ball
2-2: Fly out, F9 (Flyball, 9LS, EV 82.5 MPH)
Batting: RHB C.J. Wells 0-0: Ball
1-0: Swinging Strike
1-1: Ball
2-1: Fielders Choice at 2nd, 5-4 (Groundball, 5, EV 88.1 MPH)
Bottom of the 5th over - 0 runs, 2 hits, 0 errors, 2 left on base; Winnipeg 2 - Southern Maryland 0
TOP OF THE 6TH
Winnipeg Goldeyes batting - Pitching for Southern Maryland Blue Crabs : LHP Sueo Iba
Batting: RHB Mike Berzins 0-0: Called Strike
0-1: Fly out, F7 (Line Drive, 7D, EV 108.1 MPH)
Batting: LHB Ben Roth 0-0: Foul Ball, location: 2F
0-1: Ball
1-1: Ball
2-1: Ball
3-1: Swinging Strike
3-2: Strikes out swinging
Batting: SHB Rodrigo Mendoza 0-0: Ball
1-0: Foul Ball, location: 2F
1-1: Foul Ball, location: 2F
1-2: Ball
2-2: Ground out 4-3 (Groundball, 4, EV 85.0 MPH)
Top of the 6th over - 0 runs, 0 hits, 0 errors, 0 left on base; Winnipeg 2 - Southern Maryland 0
BOTTOM OF THE 6TH
Southern Maryland Blue Crabs batting - Pitching for Winnipeg Goldeyes : LHP Choji Tominaga
Batting: LHB Jeremy Nuzzo 0-0: Foul Ball, location: 2F
0-1: Ball
1-1: Ground out 6-3 (Groundball, 6, EV 90.6 MPH)
Batting: SHB Eric Kelley 0-0: Foul Ball, location: 2F
0-1: Foul Ball, location: 2F
0-2: DOUBLE (Line Drive, 78D, EV 104.4 MPH)
Batting: LHB Xue-liang Zhou 0-0: Foul Ball, location: 2F
0-1: Fly out, F7 (Flyball, 7D, EV 98.1 MPH)
Runner from 2nd tags up, OUT at 3rd! 7-5
Bottom of the 6th over - 0 runs, 1 hit, 0 errors, 0 left on base; Winnipeg 2 - Southern Maryland 0
TOP OF THE 7TH
Winnipeg Goldeyes batting - Pitching for Southern Maryland Blue Crabs : LHP Sueo Iba
Pitching: LHP Gilberto Lugo
Batting: RHB Terry Oetker 0-0: Called Strike
0-1: Ball
1-1: Foul Ball, location: 2F
1-2: Ground out U3 (Groundball, 34, EV 111.9 MPH)
Batting: RHB Ratko Macura 0-0: Foul Ball, location: 2F
0-1: Ball
1-1: SINGLE (Line Drive, 8RS, EV 93.8 MPH)
Batting: RHB Yu-zeng Mai 0-0: Ball
1-0: Foul Ball, location: 2F
1-1: Foul Ball, location: 2F
1-2: Strikes out swinging
Batting: RHB Alejandro de Jesus 0-0: Fly out, F4 (Line Drive, 4, EV 68.8 MPH)
Top of the 7th over - 0 runs, 1 hit, 0 errors, 1 left on base; Winnipeg 2 - Southern Maryland 0
BOTTOM OF THE 7TH
Southern Maryland Blue Crabs batting - Pitching for Winnipeg Goldeyes : LHP Choji Tominaga
Batting: RHB Tyler Cohen 0-0: Called Strike
0-1: Ball
1-1: Ball
2-1: Foul Ball, location: 2F
2-2: Ball
3-2: Strikes out swinging
Batting: LHB Robert Ortiz 0-0: Called Strike
0-1: TRIPLE (Flyball, 78XD, EV 112.5 MPH)
Batting: RHB Pedro Luera 0-0: Ball
1-0: Ball
2-0: Called Strike
2-1: Foul Ball, location: 2F
2-2: Ball
3-2: Foul Ball, location: 2F
3-2: Foul Ball, location: 2F
3-2: Base on Balls
Pinch Hitting: RHB Dou-wan Pan 0-0: Foul Ball, location: 2F
0-1: Ball
1-1: Ball
2-1: Ball
3-1: Called Strike
3-2: Fielders Choice at 2nd, 4-6 (Groundball, 4MD, EV 103.1 MPH)
Robert Ortiz scores
Pinch Hitting: LHB Stu Proulx 0-0: Fly out, F6 (Line Drive, 6MD, EV 70.6 MPH)
Bottom of the 7th over - 1 run, 1 hit, 0 errors, 1 left on base; Winnipeg 2 - Southern Maryland 1
TOP OF THE 8TH
Winnipeg Goldeyes batting - Pitching for Southern Maryland Blue Crabs : LHP Gilberto Lugo
Now at 2B: Imbart van Rens
Now at 3B: Dou-wan Pan
Now at SS: Pedro Luera
Batting: RHB Settan Nakamura 0-0: Ball
1-0: Ball
2-0: Ball
3-0: Base on Balls
Batting: RHB Fernando Membreno 0-0: Swinging Strike
0-1: Ball
1-1: Called Strike
1-2: Foul Ball, location: 2F
1-2: Ball
2-2: 2-RUN HOME RUN (Flyball, 78XD, EV 103.1 MPH), Distance : 426 ft
Batting: RHB Mike Berzins 0-0: Ball
1-0: Called Strike
1-1: Ball
2-1: Called Strike
2-2: Ball
3-2: Strikes out swinging
Batting: LHB Ben Roth 0-0: Ball
1-0: Ball
2-0: Called Strike
2-1: Swinging Strike
2-2: Foul Ball, location: 2F
2-2: Fly out, F5 (Popup, 25F, EV 84.4 MPH)
Batting: SHB Rodrigo Mendoza 0-0: Ball
1-0: Ball
2-0: Ground out 5-3 (Groundball, 5S, EV 83.1 MPH)
Top of the 8th over - 2 runs, 1 hit, 0 errors, 0 left on base; Winnipeg 4 - Southern Maryland 1
BOTTOM OF THE 8TH
Southern Maryland Blue Crabs batting - Pitching for Winnipeg Goldeyes : LHP Choji Tominaga
Batting: RHB C.J. Wells 0-0: Called Strike
0-1: Ground out 4-3 (Groundball, 4, EV 77.5 MPH)
Batting: LHB Jeremy Nuzzo 0-0: Ball
1-0: Ground out U3 (Groundball, 3, EV 100.6 MPH)
Batting: SHB Eric Kelley 0-0: Swinging Strike
0-1: Ball
1-1: Called Strike
1-2: Strikes out swinging
Bottom of the 8th over - 0 runs, 0 hits, 0 errors, 0 left on base; Winnipeg 4 - Southern Maryland 1
TOP OF THE 9TH
Winnipeg Goldeyes batting - Pitching for Southern Maryland Blue Crabs : LHP Gilberto Lugo
Batting: RHB Terry Oetker 0-0: Called Strike
0-1: SOLO HOME RUN (Flyball, 89XD, EV 113.8 MPH), Distance : 439 ft
Pitching: RHP Paul Holder
Batting: RHB Ratko Macura 0-0: Foul Ball, location: 2F
0-1: Ground out 6-3 (Groundball, 6, EV 86.9 MPH)
Batting: RHB Yu-zeng Mai 0-0: SINGLE (Line Drive, 4MD, EV 110.6 MPH)
Batting: RHB Alejandro de Jesus 0-0: Foul Ball, location: 2F
0-1: Called Strike
0-2: Fielders Choice at 2nd, 6-4 (Groundball, 6, EV 87.5 MPH)
Batting: RHB Settan Nakamura 0-0: Ball
1-0: Ball
2-0: Ball
3-0: Base on Balls
Alejandro de Jesus to second
Batting: RHB Fernando Membreno 0-0: Ball
1-0: Ball
2-0: Ball
3-0: Called Strike
3-1: Fly out, F9 (Flyball, 89S, EV 83.8 MPH)
Top of the 9th over - 1 run, 2 hits, 0 errors, 2 left on base; Winnipeg 5 - Southern Maryland 1
BOTTOM OF THE 9TH
Southern Maryland Blue Crabs batting - Pitching for Winnipeg Goldeyes : LHP Choji Tominaga
Batting: LHB Xue-liang Zhou 0-0: Ball
1-0: Called Strike
1-1: Fly out, F7 (Flyball, 7S, EV 83.8 MPH)
Pinch Hitting: RHB Eddie Morin 0-0: Ball
1-0: Foul Ball, location: 2F
1-1: Foul Ball, location: 2F
1-2: Foul Ball, location: 2F
1-2: SINGLE (Line Drive, 89M, EV 107.5 MPH)
Pitching: RHP Ron Didkowsky
Batting: LHB Robert Ortiz 0-0: Ball
1-0: Called Strike
1-1: Fly out, F9 (Flyball, 9S, EV 88.1 MPH)
Batting: RHB Pedro Luera 0-0: Ball
1-0: Foul Ball, location: 2F
1-1: Foul Ball, location: 2F
1-2: Strikes out swinging
Bottom of the 9th over - 0 runs, 1 hit, 0 errors, 1 left on base; Winnipeg 5 - Southern Maryland 1
Thursday, December 15th , 2022 - OOTP Baseball 23.9 Build 102